 Dungeon Crawl Stone Soup version 0.29.1-2-gbd0b4ee654 (webtiles) character file.

Game seed: 13953824072937211741

230 GorkyZ the Shield-Bearer (level 6, -1/73 HPs)
             Began as a Formicid Fighter on Nov 19, 2022.
             Slain by a water moccasin (5 damage)
             ... in a sewer.
             The game lasted 00:09:56 (3619 turns).

GorkyZ the Shield-Bearer (Formicid Fighter)         Turns: 3619, Time: 00:09:57

Health: -1/73      AC: 23    Str: 23    XL:     6   Next: 24%
Magic:  6/6        EV:  2    Int:  7    God:
Gold:   975        SH:  5    Dex: 13    Spells: 5/5 levels left

rFire   . . .      SeeInvis .   a - +0 war axe
rCold   . . .      Faith    .   c - +0 buckler
rNeg    . . .      Spirit   .   (body armour currently unavailable)
rPois   +          Reflect  .   (helmet unavailable)
rElec   .          Harm     .   (cloak currently unavailable)
rCorr   .          Rampage  .   (gloves currently unavailable)
Will    .....                   (boots currently unavailable)
Stlth   +.........              (no amulet)
HPRegen 0.22/turn               (no ring)
MPRegen 0.10/turn               (no ring)

@: tree-form (expiring)
A: stationary, stasis, torment immunity, boosted hp, permanent stasis, dig
shafts and tunnels, (antennae 3), four strong arms
a: no special abilities


You were in a sewer.
You were a tree.
You visited 1 branch of the dungeon, and saw 4 of its levels.
You also visited: Sewer.

You collected 975 gold pieces.

Inventory:

Hand Weapons
 a - a +0 war axe (weapon)
Missiles
 i - 6 boomerangs
 j - 6 poisoned darts
 k - 3 atropa-tipped darts
Armour
 b - a +0 scale mail
 c - a +0 buckler (worn)
 n - a +0 pair of gloves (melded)
 o - a +0 pair of boots (melded)
 u - a +0 chain mail (melded)
Scrolls
 e - a scroll of immolation
 l - a scroll of amnesia
 p - a scroll of magic mapping
 r - a scroll of poison
Potions
 d - a potion of might
 f - 5 potions of attraction
 g - 2 potions of flight
 m - a potion of lignification
 q - 3 potions of heal wounds {unknown}
 s - 2 potions of brilliance {unknown}
 t - 2 potions of curing {unknown}


   Skills:
 + Level 4.6 Fighting
 + Level 3.4 Axes
 + Level 4.5 Armour
 + Level 5.4 Shields


You had 5 spell levels left.
You didn't know any spells.
Your spell library contained the following spells:

 Spells                   Type           Power      Damage    Failure   Level
 Static Discharge         Conj/Air       0%         3-3/arc   63%         2
 Lightning Bolt           Conj/Air       0%         1d11      100%        5
 Maxwell's Capacitive Co  Air            0%         ∞         100%        8


Dungeon Overview and Level Annotations

Branches:
Dungeon (4/15)              Sewer (1/1)
 Temple: D:4-7

Altars:

Shops:
D:3 (


Innate Abilities, Weirdness & Mutations

You are a tree.
Your roots penetrate the ground, keeping you stationary.
You cannot be teleported.
You are immune to unholy pain and torment.
Your maximum health is greatly increased.
Your equipment is partially melded.
You cannot be hasted, slowed, berserked, paralysed or teleported.
You can dig through walls and to a lower floor.
((You have a pair of large antennae on your head. (SInv)))
Your four strong arms can wield two-handed weapons with a shield.


Message History

* * * LOW HITPOINT WARNING * * *
The water moccasin bites you but does no damage.
It was a potion of berserk rage.
Your stasis prevents you from going berserk.
You feel sick. The water moccasin bites you.
* * * LOW HITPOINT WARNING * * *
It was a potion of lignification.
You turn into a tree.
Your +0 pair of gloves melds into your body.
Your +0 pair of boots melds into your body.
Your +0 chain mail melds into your body.
Your roots penetrate the ground.
You feel sick.
The water moccasin bites you but does no damage.
You hit the water moccasin.
The water moccasin is heavily wounded.
You feel sick.
You are no longer poisoned.
The water moccasin bites you but does no damage.
You block the water moccasin's attack.
You hit the water moccasin.
The water moccasin is severely wounded.
The water moccasin bites you.
* * * LOW HITPOINT WARNING * * *
You block the water moccasin's attack.
You closely miss the water moccasin.
The water moccasin is severely wounded.
The water moccasin completely misses you.
You block the water moccasin's attack.
You barely miss the water moccasin.
The water moccasin is severely wounded.
You block the water moccasin's attack. The water moccasin barely misses you.
The water moccasin bites you but does no damage.
You hit the water moccasin but do no damage.
The water moccasin is severely wounded.
The water moccasin bites you but does no damage.
You miss the water moccasin.
The water moccasin is severely wounded.
Your transformation is almost over.
The water moccasin bites you but does no damage.
The water moccasin bites you.
You die...

#..$?$..#
#.......#
#.......# .......
..... ... #S#
####### #♣#
##.....## #.#
##...≈...#
#.#######...≈≈≈...
#..........≈≈≈≈≈.∩
#.#######...≈≈≈...
#.# ##...≈...# #.#
##.....## #.#
####### #.#


You could see a water moccasin.

Vanquished Creatures
  A scorpion (D:4)
  An orc wizard (D:4)
  5 adders
  3 worms
  2 dart slugs
  8 orcs
  11 ball pythons
  8 endoplasms
  3 giant cockroaches
  3 goblins
  5 hobgoblins
  5 quokkas
  10 bats
  4 frilled lizards (D:2)
  A kobold (D:4)
  4 rats
74 creatures vanquished.

Notes
Turn   | Place    | Note
-------+----------+-------------------------------------------
     0 | D:1      | GorkyZ the Formicid Fighter began the quest for the Orb.
     0 | D:1      | Reached XP level 1. HP: 18/18 MP: 1/1
   232 | D:1      | Reached XP level 2. HP: 23/24 MP: 2/2
  1011 | D:2      | Reached XP level 3. HP: 18/29 MP: 3/3
  2063 | D:3      | Reached XP level 4. HP: 35/37 MP: 4/4
  2290 | D:3      | Found Coorgh's Weapon Boutique.
  2707 | D:3      | Found a faded altar of an unknown god.
  2950 | D:4      | Identified a scroll of acquirement
  2950 | D:4      | Acquired 838 gold pieces
  3033 | D:4      | Reached XP level 5. HP: 34/42 MP: 5/5
  3328 | D:4      | Reached skill level 5 in Shields
  3345 | D:4      | Reached XP level 6. HP: 14/49 MP: 6/6
  3553 | D:4      | Found a glowing drain.
  3566 | Sewer    | Entered a sewer
  3596 | Sewer    | Noticed a water moccasin
  3615 | Sewer    | HP: 3/73 [water moccasin (6)]
  3619 | Sewer    | Slain by a water moccasin

Illustrated notes

Levels and vault maps discovered:
D:1:      mrwooster_arrival_arrow, layout_loops_ring, st_stairs_5,
          minmay_misc_feat_roman, moated_statue
D:2:      layout_basic, minmay_worlds_worst_comb
D:3:      layout_loops_ring, chequers_ecumenical_altar_lobes, serial_shops,
          nicolae_shop_statue_plus
D:4:      layout_basic, portal_sewer_entry_a
Sewer:    sewer_big_baddie

Skill      XL: |  1  2  3  4  5 |
---------------+----------------+-----
Fighting       | 4 |  4.6
Armour         | 4 |  4.5
Axes           | 3 |  3.4
Shields        | 5 |  5.4

Action                   |  1- 3 |  4- 6 || total
-------------------------+-------+-------++-------
Melee: War axe           |   125 |   129 ||   254
 Abil: Dig               |       |     1 ||     1
  Use: Scroll            |       |     8 ||     8
       Potion            |       |     2 ||     2
Armor: Scale mail        |    55 |       ||    55
       Chain mail        |     6 |   115 ||   121
       Skin              |       |     5 ||     5
Dodge: Dodged            |    59 |    58 ||   117
Block: Buckler           |    37 |    51 ||    88
